[Event "FIDE World Rapid Chess Championship 2021"]
[White "Muradli, Mahammad"]
[Black "Gareyev, Timur"]
[WhiteFideId "13409301"]
[BlackFideId "14200937"]
[WhiteElo "2285"]
[BlackElo "2578"]
[Result "0-1"]
[Round "12"]
[TimeControl "900+10"]
[Date "2021.12.28"]
[WhiteClock "0:00:15"]
[BlackClock "0:00:46"]

1. c4 d6 2. Nc3 g6 3. d4 Bg7 4. e4 Nd7 5. Be2 e5 6. Nf3 Nh6 7. O-O O-O 8. d5 a5 9. Bg5 f6 10. Bh4 Nc5 11. Nd2 g5 12. Bg3 f5 13. exf5 Nxf5 14. Nde4 b6 15. Bg4 h6 16. h3 Bd7 17. b3 Qe8 18. Re1 Qf7 19. Rb1 Kh8 20. Kh2 Qe7 21. Rh1 Kg8 22. Qd2 Rae8 23. Rbe1 Qf7 24. Qd1 Rb8 25. Kg1 Qg6 26. Bh5 Qh7 27. h4 gxh4 28. Bxh4 Nd4 29. Bg3 Nf5 30. Nxc5 bxc5 31. Qg4 Nxg3 32. Qxg3 Qf5 33. Rh4 Qg5 34. Bg4 Rf4 35. Re4 Rd8 36. Bxd7 Rxd7 37. Qxg5 hxg5 38. Rh5 Bf6 39. Re2 Rd4 40. Ne4 Kg7 41. g4 Kg6 42. f3 Rd1+ 43. Kf2 Bd8 44. Rh8 Kg7 45. Rh5 Kg6 46. Re1 Rxe1 47. Kxe1 Bf6 48. Kd2 Rd8 49. Ng3 a4 50. Nf5 axb3 51. axb3 Bg7 52. Ne7+ Kf7 53. Rh7 Rd7 54. Nf5 Kg6 55. Rh1 Rf7 56. Ke3 Rf8 57. Ke4 Rb8 58. Ne7+ Kf6 59. Rh7 Rxb3 60. Nf5 Bf8 61. Rxc7 Rc3 62. Rc8 Kf7 63. Ne3 Be7 64. Ra8 Kf6 65. Ra2 Bd8 66. Rc2 Ra3 67. Nf5 Be7 68. Rh2 Bf8 69. Rh8 Kf7 70. Rh7+ Ke8 71. Rh8 Kf7 72. Rh7+ Ke8 73. Rh5 Rc3 74. Ne3 Kf7 75. Rh2 Kf6 76. Rc2 Ra3 77. Nd1 Be7 78. Rc3 Ra2 79. Ke3 e4 80. Kxe4 Kg6 81. Ne3 Bf6 82. Rc2 Ra3 83. Nf5 Be5 84. Rc1 Bf4 85. Rh1 Kf7 86. Rh6 Ra6 87. Re6 Ra4 88. Nxd6+ Bxd6 89. Rxd6 Rxc4+ 90. Ke5 Rf4 91. Rd7+ Ke8 92. Rg7 Rxf3 93. Kd6 c4 94. Kc7 Rf7+ 95. Rxf7 Kxf7 96. d6 c3 97. d7 c2 98. d8=Q c1=Q+ 99. Kb8 Qf4+ 100. Kb7 Qe4+ 101. Kc7 Qe7+ 102. Qd7 Kf6 0-1


[Site "http://www.Chess.com"]

[Event "FIDE World Rapid Chess Championship 2021"]
[White "Dudin, Gleb"]
[Black "Halkias, Stelios"]
[WhiteFideId "34184934"]
[BlackFideId "4201809"]
[WhiteElo "2247"]
[BlackElo "2576"]
[Result "1-0"]
[Round "12"]
[TimeControl "900+10"]
[Date "2021.12.28"]
[WhiteClock "0:00:13"]
[BlackClock "0:00:16"]

1. d4 Nf6 2. c4 g6 3. Nc3 Bg7 4. e4 d6 5. Be2 O-O 6. Be3 Nc6 7. d5 Ne5 8. Rc1 c6 9. Nf3 Nfg4 10. Bg5 h6 11. Bh4 Nxf3+ 12. gxf3 Nf6 13. f4 cxd5 14. cxd5 b5 15. e5 Nd7 16. exd6 Bf6 17. dxe7 Qxe7 18. Bg3 h5 19. f5 h4 20. d6 Qe8 21. Bf4 Bxc3+ 22. Rxc3 Qe4 23. Rg1 Qxf4 24. fxg6 Ne5 25. Qd5 Be6 26. gxf7+ Kxf7 27. Qb7+ Bd7 28. Rg4 Qf5 29. Rxh4 Rae8 30. Re3 Qb1+ 31. Bd1 Nd3+ 32. Kd2 Qxb2+ 33. Kxd3 Qb1+ 34. Kd2 Qxa2+ 35. Bc2 Qa5+ 36. Ke2 Rxe3+ 37. fxe3 Ke8 38. Qe4+ 1-0


[Site "http://www.Chess.com"]

[Event "FIDE World Rapid Chess Championship 2021"]
[White "Vakhidov, Jakhongir"]
[Black "Suleymanli, Aydin"]
[WhiteFideId "14201801"]
[BlackFideId "13413937"]
[WhiteElo "2566"]
[BlackElo "2202"]
[Result "1-0"]
[Round "12"]
[TimeControl "900+10"]
[Date "2021.12.28"]
[WhiteClock "0:06:53"]
[BlackClock "0:00:49"]

1. c4 e5 2. Nc3 Nc6 3. Nf3 Nf6 4. e4 Bb4 5. d3 Bxc3+ 6. bxc3 d6 7. g3 Ne7 8. Bg2 Ng6 9. O-O O-O 10. Ne1 Ne8 11. Nc2 f5 12. exf5 Rxf5 13. d4 Rb8 14. h4 Be6 15. Ne3 Rf7 16. h5 Ne7 17. h6 g6 18. Qe2 exd4 19. cxd4 d5 20. Re1 Nf6 21. Ba3 dxc4 22. Nc2 Bf5 23. Bxe7 Rxe7 24. Qxe7 Qxe7 25. Rxe7 Bxc2 26. Rxc7 b5 27. Re1 Bd3 28. Re6 Nh5 29. Bd5 Kh8 30. Rce7 1-0


[Site "http://www.Chess.com"]

[Event "FIDE World Rapid Chess Championship 2021"]
[White "Socko, Bartosz"]
[Black "Gumularz, Szymon"]
[WhiteFideId "1107038"]
[BlackFideId "1188062"]
[WhiteElo "2562"]
[BlackElo "2452"]
[Result "1-0"]
[Round "12"]
[TimeControl "900+10"]
[Date "2021.12.28"]
[WhiteClock "0:07:54"]
[BlackClock "0:07:34"]

1. d4 d6 2. e4 Nf6 3. Nc3 g6 4. h3 Bg7 5. Be3 a6 6. a4 Nc6 7. Nge2 e5 8. d5 Ne7 9. g4 c6 10. Bg2 O-O 11. O-O cxd5 12. exd5 Ne8 13. Ng3 f5 14. gxf5 Nxf5 15. Nce4 h6 16. Qd2 Kh7 17. Kh2 Bd7 18. c4 Nh4 19. f4 Nxg2 20. Qxg2 exf4 21. Bxf4 Qh4 22. Bd2 Nf6 23. Nxf6+ Bxf6 24. Rf4 Qg5 25. Raf1 Rae8 26. h4 Qe5 27. Bc3 Qe3 28. Rxf6 Rxf6 29. Rxf6 1-0


[Site "http://www.Chess.com"]

[Event "FIDE World Rapid Chess Championship 2021"]
[White "Piorun, Kacper"]
[Black "Ivic, Velimir"]
[WhiteFideId "1130420"]
[BlackFideId "950122"]
[WhiteElo "2547"]
[BlackElo "2357"]
[Result "1-0"]
[Round "12"]
[TimeControl "900+10"]
[Date "2021.12.28"]
[WhiteClock "0:00:33"]
[BlackClock "0:00:42"]

1. d4 d5 2. c4 e6 3. Nf3 Nf6 4. g3 Bb4+ 5. Bd2 a5 6. Bg2 O-O 7. Qc2 c5 8. cxd5 cxd4 9. Nxd4 Qb6 10. e3 exd5 11. O-O Nc6 12. Nxc6 bxc6 13. Rc1 Rb8 14. Bxb4 Qxb4 15. b3 Bd7 16. Nc3 h5 17. Na4 Qd6 18. Nc5 Bc8 19. Nd3 Bd7 20. Qc5 Qc7 21. Qd4 Rfe8 22. Rc2 Qd6 23. Rac1 Rbc8 24. Rc5 Ra8 25. Qa4 Ne4 26. Rxa5 Rxa5 27. Qxa5 d4 28. Bxe4 Rxe4 29. Nc5 Re8 30. Qd2 Bg4 31. Qxd4 Qe7 32. Kg2 Rd8 33. Qc3 h4 34. h3 Bc8 35. g4 f5 36. Qc4+ Kh8 37. gxf5 Bxf5 38. Qe2 Rd5 39. b4 Bc8 40. Rd1 Rg5+ 41. Kh2 Kh7 42. Qc4 Rf5 43. Qe4 Qf6 44. f4 Qb2+ 45. Qg2 Qc3 46. Rg1 Rf7 47. Ne4 Qxe3 48. Ng5+ Kg8 49. Nxf7 Qxf4+ 50. Kh1 Qxf7 51. Rf1 Qe7 52. a4 Bb7 53. Qa2+ Kh8 54. Qf7 c5+ 55. Kh2 Qe5+ 56. Qf4 Qe2+ 57. Rf2 Qd1 58. Qb8+ Kh7 59. Qxb7 Qd6+ 60. Kh1 Qd1+ 61. Kg2 1-0


[Site "http://www.Chess.com"]

[Event "FIDE World Rapid Chess Championship 2021"]
[White "Shoker, Samy"]
[Black "Wojtaszek, Radoslaw"]
[WhiteFideId "627143"]
[BlackFideId "1118358"]
[WhiteElo "2550"]
[BlackElo "2743"]
[Result "0-1"]
[Round "12"]
[TimeControl "900+10"]
[Date "2021.12.28"]
[WhiteClock "0:06:20"]
[BlackClock "0:12:02"]

1. Nf3 d5 2. g3 c6 3. Bg2 Bg4 4. c4 e6 5. Qb3 Qb6 6. Qc2 Nd7 7. cxd5 cxd5 8. O-O Ngf6 9. d3 Be7 10. Nc3 O-O 11. Be3 Qa6 12. h3 Bxf3 13. Bxf3 Rfc8 14. Qb3 Ne5 15. Bg2 Nc6 16. Nb5 Nd7 17. Rfc1 Na5 18. Qa4 Nb6 19. Bxb6 Qxb6 20. Rxc8+ Rxc8 21. Nxa7 Qxa7 22. Qd7 Qc5 23. b4 Qc3 24. Rb1 Qc2 25. Rb2 Qc1+ 26. Bf1 Rc7 0-1


[Site "http://www.Chess.com"]

[Event "FIDE World Rapid Chess Championship 2021"]
[White "Mamedov, Rauf"]
[Black "Samunenkov, Ihor"]
[WhiteFideId "13401653"]
[BlackFideId "14187086"]
[WhiteElo "2690"]
[BlackElo "2259"]
[Result "1-0"]
[Round "12"]
[TimeControl "900+10"]
[Date "2021.12.28"]
[WhiteClock "0:01:37"]
[BlackClock "0:00:36"]

1. e4 c5 2. Nf3 g6 3. d4 cxd4 4. Nxd4 Nc6 5. Nc3 Bg7 6. Be3 Nf6 7. Bc4 O-O 8. Bb3 Re8 9. O-O d6 10. h3 Na5 11. Qd2 a6 12. Bh6 b5 13. Bxg7 Kxg7 14. Rfe1 Bb7 15. Qg5 e6 16. a3 Nxb3 17. Nxb3 Rc8 18. Rad1 Qe7 19. Rd3 h6 20. Qe3 Red8 21. Na5 Qc7 22. Nxb7 Qxb7 23. Red1 Qc7 24. Qd4 e5 25. Qb4 Ne8 26. R1d2 Qc4 27. Qa5 Nf6 28. Qxa6 b4 29. Qxc4 Rxc4 30. axb4 Rxb4 31. b3 Nxe4 32. Nxe4 Rxe4 33. Kf1 Ra8 34. Rxd6 Ra1+ 35. Rd1 Ra2 36. Rc6 Rb2 37. g3 h5 38. h4 Ra2 39. Re1 Rd4 40. Rxe5 Rd2 41. Re2 Ra1+ 42. Re1 Ra5 43. Kg1 Rf5 44. Rf1 Re5 45. b4 Ree2 46. b5 Rxc2 47. Rxc2 Rxc2 48. Rb1 Rc7 49. Kg2 Kf6 50. b6 Rb7 51. Kf3 Ke5 52. Ke3 Kd5 53. Kf4 f6 54. f3 Kc5 55. g4 hxg4 56. fxg4 Kd5 1-0


[Site "http://www.Chess.com"]

[Event "FIDE World Rapid Chess Championship 2021"]
[White "Indjic, Aleksandar"]
[Black "Movsesian, Sergei"]
[WhiteFideId "911925"]
[BlackFideId "310204"]
[WhiteElo "2544"]
[BlackElo "2667"]
[Result "1/2-1/2"]
[Round "12"]
[TimeControl "900+10"]
[Date "2021.12.28"]
[WhiteClock "0:03:39"]
[BlackClock "0:02:03"]

1. d4 d5 2. c4 c6 3. cxd5 cxd5 4. Bg5 h6 5. Bh4 Qb6 6. Nc3 e6 7. Qd2 Nc6 8. e3 Bd6 9. Bd3 Nge7 10. Bg3 Bxg3 11. hxg3 Bd7 12. Nge2 e5 13. dxe5 Nxe5 14. b3 O-O 15. O-O Rfd8 16. Rac1 Rac8 17. Bb1 Qa5 18. Qb2 Ng4 19. Nd4 Qb6 20. Qd2 Qf6 21. f3 Ne5 22. Nce2 Qd6 23. Rxc8 Rxc8 24. Rc1 Rxc1+ 25. Qxc1 N5c6 26. Kf2 a6 27. a3 Nxd4 28. Nxd4 Nc6 29. b4 Nxd4 30. exd4 Be6 31. Qc5 Qd8 32. Qc1 Qb6 33. Qf4 Kf8 34. Bd3 Ke7 35. Ke3 Qd6 36. Qe5 1/2-1/2


[Site "http://www.Chess.com"]

[Event "FIDE World Rapid Chess Championship 2021"]
[White "Zvjaginsev, Vadim"]
[Black "Vidit, Santosh Gujrathi"]
[WhiteFideId "4113403"]
[BlackFideId "5029465"]
[WhiteElo "2539"]
[BlackElo "2629"]
[Result "0-1"]
[Round "12"]
[TimeControl "900+10"]
[Date "2021.12.28"]
[WhiteClock "0:03:01"]
[BlackClock "0:00:20"]

1. e4 e5 2. Nf3 Nc6 3. g3 Nf6 4. d3 g6 5. Bg2 Bg7 6. O-O O-O 7. Re1 d5 8. exd5 Nxd5 9. Nc3 Nde7 10. Rb1 a5 11. b3 Re8 12. Ba3 Nf5 13. Nb5 Nb4 14. Bb2 c6 15. Nc3 Nd4 16. Rc1 Bg4 17. a3 Na6 18. Ne4 Bxf3 19. Bxf3 Nxf3+ 20. Qxf3 f5 21. Nc3 Nc7 22. Qg2 Qd6 23. Nb1 b5 24. a4 Nd5 25. axb5 cxb5 26. Rcd1 Nb4 27. Na3 Qd7 28. Bxe5 Bxe5 29. Rxe5 Rxe5 30. Qxa8+ Kg7 31. Qxa5 Nc6 32. Qb6 Nd4 33. c4 f4 34. Nxb5 Nf3+ 35. Kg2 Nh4+ 36. Kg1 Qg4 37. Ra1 Nf3+ 38. Kh1 fxg3 39. fxg3 Re2 0-1


[Site "http://www.Chess.com"]

[Event "FIDE World Rapid Chess Championship 2021"]
[White "Mastrovasilis, Dimitrios"]
[Black "Heimann, Andreas"]
[WhiteFideId "4202694"]
[BlackFideId "24624632"]
[WhiteElo "2534"]
[BlackElo "2616"]
[Result "1-0"]
[Round "12"]
[TimeControl "900+10"]
[Date "2021.12.28"]
[WhiteClock "0:02:25"]
[BlackClock "0:05:27"]

1. e4 e5 2. Nf3 Nc6 3. Nc3 Nf6 4. d4 exd4 5. Nxd4 Bb4 6. Nxc6 bxc6 7. Bd3 d5 8. exd5 O-O 9. O-O Bg4 10. Ne2 cxd5 11. h3 Bh5 12. c4 Rb8 13. Qc2 dxc4 14. Qxc4 Bd6 15. a3 Bxe2 16. Bxe2 Qe7 17. Bf3 Qe5 18. g3 Rfe8 19. Kg2 h5 20. Ra2 Qf5 21. b4 a5 22. Bc6 Re5 23. Bf4 Re6 24. Bxd6 Rxd6 25. b5 Rbd8 26. Re2 Rd4 27. Qc2 Qg5 28. Rfe1 Rd2 29. h4 1-0


[Site "http://www.Chess.com"]

[Event "FIDE World Rapid Chess Championship 2021"]
[White "Moroni, Luca Jr"]
[Black "Quparadze, Giga"]
[WhiteFideId "865834"]
[BlackFideId "13602250"]
[WhiteElo "2519"]
[BlackElo "2583"]
[Result "1-0"]
[Round "12"]
[TimeControl "900+10"]
[Date "2021.12.28"]
[WhiteClock "0:00:35"]
[BlackClock "0:06:11"]

1. d4 Nf6 2. c4 e6 3. Nc3 Bb4 4. Nf3 b6 5. e3 Ne4 6. Qc2 Bb7 7. Bd3 f5 8. O-O Bxc3 9. bxc3 O-O 10. Nd2 Qh4 11. f3 Nxd2 12. Bxd2 Nc6 13. e4 fxe4 14. Bxe4 Na5 15. Bxb7 Nxb7 16. Qa4 Rf7 17. Rae1 Qh5 18. Re5 Qg6 19. c5 Qd3 20. Rd1 Na5 21. Be1 Qc4 22. Qc2 Nc6 23. Re4 bxc5 24. Rh4 g5 25. Rg4 cxd4 26. Rxg5+ Kh8 27. Qe4 Rg8 28. Rxg8+ Kxg8 29. cxd4 Rg7 30. Bg3 Qxa2 31. d5 Qb3 32. Qe2 Ne7 33. dxe6 Qxe6 34. Qxe6+ dxe6 35. Be5 Rg5 36. f4 Rh5 37. Rd8+ Kf7 38. Rd7 Ke8 39. Rxc7 a5 40. g3 Ng6 41. Bc3 Ne7 42. Be5 Ng6 43. Bf6 Rf5 44. Bc3 Ne7 45. Ra7 Nc6 46. Rxh7 Rc5 47. Bf6 a4 48. Bb2 Rb5 49. Bf6 a3 50. Rc7 Rb6 51. Rc8+ Kf7 52. Bc3 Ra6 53. Rc7+ Ke8 54. h4 a2 55. Kg2 Kd8 56. Rb7 Ra3 57. Ba1 Ne7 58. h5 Nf5 59. Kf2 Ne3 60. Rg7 Nf5 61. Rg6 Rd3 62. Rxe6 Rd2+ 63. Kf3 Rd1 64. Bf6+ Kd7 65. Ra6 Rf1+ 66. Kg4 Ne3+ 67. Kg5 Rg1 68. h6 Rxg3+ 69. Kh5 Nd5 70. Be5 Rh3+ 71. Kg4 Rh1 72. h7 Ne3+ 73. Kf3 Rh3+ 74. Ke4 Nc4 75. h8=Q 1-0


[Site "http://www.Chess.com"]

[Event "FIDE World Rapid Chess Championship 2021"]
[White "Sankalp, Gupta"]
[Black "Ter-Sahakyan, Samvel"]
[WhiteFideId "5097010"]
[BlackFideId "13302531"]
[WhiteElo "2266"]
[BlackElo "2573"]
[Result "1/2-1/2"]
[Round "12"]
[TimeControl "900+10"]
[Date "2021.12.28"]
[WhiteClock "0:01:24"]
[BlackClock "0:00:25"]

1. d4 Nf6 2. Nf3 d5 3. c3 c6 4. Qc2 Bg4 5. Ne5 Bh5 6. c4 e6 7. Qb3 Nbd7 8. Qxb7 Nxe5 9. dxe5 Nd7 10. Qxc6 Rc8 11. Qa6 Rxc4 12. Bd2 Bb4 13. Nc3 O-O 14. e3 Rc7 15. Qa4 Qb8 16. Be2 Nc5 17. Qc2 Bxe2 18. Kxe2 Bxc3 19. Bxc3 Qb5+ 20. Kd1 Rfc8 21. Re1 Na4 22. Rc1 Nxc3+ 23. bxc3 Rxc3 24. Qxc3 Rxc3 25. Rxc3 Qb1+ 26. Kd2 Qxa2+ 27. Rc2 Qa5+ 28. Ke2 Qb5+ 29. Kd2 h5 30. Ra1 Qb4+ 31. Ke2 a5 32. Rca2 Qc4+ 33. Ke1 Qe4 34. Kf1 Qxe5 35. Kg1 g5 36. h3 Kg7 37. Rxa5 Kg6 38. Ra8 Kg7 39. Rb1 Qc3 40. Ra7 Kg6 41. Ra4 Qc2 42. Rab4 Qd3 43. Rf1 Qc3 44. Rd4 Qb2 45. h4 g4 46. g3 Qc3 47. Rb1 Qc2 48. Rdb4 Qd3 49. Rb8 Kg7 50. Rc1 Qe2 51. Rbb1 Qd3 52. Re1 Qc2 53. Rbc1 Qd3 54. Rcd1 Qc2 55. Rd4 Qc3 56. Red1 Qc2 57. R1d2 Qb1+ 58. Kg2 Qb7 59. Kh2 Qb1 60. Rd1 1/2-1/2


[Site "http://www.Chess.com"]

[Event "FIDE World Rapid Chess Championship 2021"]
[White "Alonso Rosell, Alvar"]
[Black "Durarbayli, Vasif"]
[WhiteFideId "2270544"]
[BlackFideId "13402935"]
[WhiteElo "2571"]
[BlackElo "2532"]
[Result "1-0"]
[Round "12"]
[TimeControl "900+10"]
[Date "2021.12.28"]
[WhiteClock "0:01:44"]
[BlackClock "0:00:12"]

1. d4 Nf6 2. Bf4 c5 3. d5 b5 4. c3 g6 5. e4 Nxe4 6. Bxb5 Bg7 7. Nf3 O-O 8. O-O Qb6 9. Qe2 Nf6 10. c4 Nh5 11. Be5 Bxe5 12. Qxe5 d6 13. Qxe7 a6 14. Ba4 Bg4 15. Nbd2 Ra7 16. Qh4 Bxf3 17. Nxf3 Qxb2 18. Rfe1 Nd7 19. Rab1 Qxa2 20. Bc6 Ng7 21. Qf4 a5 22. Qxd6 Nf5 23. Qf4 h5 24. h3 a4 25. g4 Ng7 26. Ng5 a3 27. Bxd7 Rxd7 28. Ne4 f5 29. Nxc5 Rdf7 30. g5 Qc2 31. Rbc1 Qb2 32. Nd3 Qb6 33. c5 Qa5 34. Ne5 Re8 35. d6 Kh7 36. Red1 Ne6 37. Qc4 Rff8 38. d7 Nxg5 39. dxe8=Q Rxe8 40. Rd7+ Kh6 41. Qf4 Rxe5 42. h4 Re1+ 43. Rxe1 Qxe1+ 44. Kh2 1-0


[Site "http://www.Chess.com"]

[Event "FIDE World Rapid Chess Championship 2021"]
[White "Sadhwani, Raunak"]
[Black "Najer, Evgeniy"]
[WhiteFideId "35093487"]
[BlackFideId "4118987"]
[WhiteElo "2454"]
[BlackElo "2565"]
[Result "0-1"]
[Round "12"]
[TimeControl "900+10"]
[Date "2021.12.28"]
[WhiteClock "0:00:11"]
[BlackClock "0:02:19"]

1. c4 e5 2. g3 d6 3. Bg2 f5 4. Nc3 Nf6 5. e3 Be7 6. Nge2 O-O 7. O-O c6 8. d3 Kh8 9. e4 Qe8 10. f3 Be6 11. exf5 Bxf5 12. d4 Na6 13. a3 Qg6 14. Qb3 exd4 15. Nxd4 Nc5 16. Qa2 Rae8 17. Be3 Bd8 18. Nxf5 Qxf5 19. Bd4 Bb6 20. Rad1 Nd3 21. Bxb6 axb6 22. b4 Re3 23. Qd2 Qe5 24. Ne4 Qd4 25. Nf2 Rfe8 26. Qc2 Qb2 27. Qxb2 Nxb2 28. Rd4 c5 29. Rxd6 Nxc4 30. Rd3 Nxa3 31. f4 c4 32. Rxe3 Rxe3 33. Bxb7 c3 34. Rc1 c2 35. Kf1 h5 36. Nh3 Ng4 37. Ng5 Nxh2+ 38. Kf2 Ng4+ 39. Kf1 Rxg3 40. Be4 h4 41. Ke2 h3 42. Ra1 h2 43. Bxc2 Rg2+ 44. Kd3 Rg1 45. Rxa3 Rg3+ 0-1


[Site "http://www.Chess.com"]

[Event "FIDE World Rapid Chess Championship 2021"]
[White "Sindarov, Javokhir"]
[Black "Kovalev, Vladislav"]
[WhiteFideId "14205483"]
[BlackFideId "13504398"]
[WhiteElo "2353"]
[BlackElo "2647"]
[Result "1/2-1/2"]
[Round "12"]
[TimeControl "900+10"]
[Date "2021.12.28"]
[WhiteClock "0:01:26"]
[BlackClock "0:00:18"]

1. e4 e5 2. Nf3 Nc6 3. Bc4 Nf6 4. Ng5 d5 5. exd5 Na5 6. Bb5+ c6 7. dxc6 bxc6 8. Bd3 Nd5 9. Nf3 Bd6 10. O-O O-O 11. Re1 f5 12. Nxe5 Qf6 13. Nf3 g5 14. g3 f4 15. Nc3 fxg3 16. hxg3 Qxf3 17. Qxf3 Rxf3 18. Be4 Rf7 19. Nxd5 cxd5 20. Bxd5 Bb7 21. Bxf7+ Kxf7 22. d4 Rg8 23. b3 Bf3 24. d5 Rg6 25. Re6 Rxe6 26. dxe6+ Kxe6 27. Bxg5 Bb4 28. c3 Bxc3 29. Rc1 Be5 30. Bf4 Bxf4 31. gxf4 Nc6 32. Kh2 h5 33. Kg3 Bd5 34. Kh4 Nb4 35. Re1+ Kf5 36. Re8 Kxf4 37. Rf8+ Ke4 38. a3 Nc2 39. b4 Nxa3 40. f3+ Kd4 41. f4 Kc4 42. f5 Kxb4 43. f6 Nb5 44. f7 a5 45. Kxh5 a4 46. Kg6 a3 47. Ra8 Bxf7+ 48. Kxf7 Nc3 49. Rxa3 Kxa3 1/2-1/2


[Site "http://www.Chess.com"]

[Event "FIDE World Rapid Chess Championship 2021"]
[White "Pichot, Alan"]
[Black "Harikrishna, Pentala"]
[WhiteFideId "110973"]
[BlackFideId "5007003"]
[WhiteElo "2523"]
[BlackElo "2705"]
[Result "1/2-1/2"]
[Round "12"]
[TimeControl "900+10"]
[Date "2021.12.28"]
[WhiteClock "0:00:09"]
[BlackClock "0:00:25"]

1. e4 e5 2. Nf3 Nc6 3. Bb5 a6 4. Ba4 Nf6 5. O-O Be7 6. d3 b5 7. Bb3 d6 8. c3 O-O 9. Re1 Nb8 10. Nbd2 Nbd7 11. Nf1 h6 12. Ng3 Re8 13. d4 Bf8 14. a4 Bb7 15. Bc2 c5 16. d5 c4 17. Be3 Nc5 18. Bxc5 dxc5 19. Nf1 Qc7 20. Ne3 Reb8 21. Qe2 Bc8 22. Ra2 Ra7 23. axb5 axb5 24. Rxa7 Qxa7 25. Nxe5 Bb7 26. N3g4 Nxg4 27. Qxg4 Bc8 28. Qf3 Ra8 29. h3 Qc7 30. Nc6 Bd7 31. e5 Bxc6 32. dxc6 Re8 33. Qf5 g6 34. Qd7 Qxd7 35. cxd7 Rd8 36. Rd1 Be7 37. Be4 Rb8 38. Bc6 Kf8 39. g3 b4 40. Bd5 bxc3 41. bxc3 Bd8 42. Bxc4 Ke7 43. Rd6 Rb6 44. Rd5 Rb7 45. Kg2 g5 46. f4 gxf4 47. gxf4 f6 48. exf6+ Kxf6 49. Bd3 c4 50. Bxc4 Rc7 51. Bb5 Rxc3 52. Re5 Be7 53. Be2 Rc2 54. Kf3 Rd2 55. Bb5 Rd6 56. Ke4 Rd1 57. Rh5 Kg6 58. Re5 Kf6 59. Bd3 Re1+ 60. Kd5 Rxe5+ 61. fxe5+ Kf7 62. Bf5 Bd8 63. Kd6 Ba5 64. Bg4 Bb4+ 65. Kc7 Ba5+ 66. Kc6 Ke7 67. Kd5 h5 68. Bxh5 Kxd7 69. Ke4 Ke7 70. Kf5 Kf8 71. Bf3 Kg7 72. h4 Bc3 73. e6 Bb4 74. h5 Kh8 75. Ke4 1/2-1/2


[Site "http://www.Chess.com"]

[Event "FIDE World Rapid Chess Championship 2021"]
[White "Sjugirov, Sanan"]
[Black "Bellahcene, Bilel"]
[WhiteFideId "4189302"]
[BlackFideId "696358"]
[WhiteElo "2634"]
[BlackElo "2397"]
[Result "1-0"]
[Round "12"]
[TimeControl "900+10"]
[Date "2021.12.28"]
[WhiteClock "0:03:31"]
[BlackClock "0:00:37"]

1. e4 c5 2. Nf3 e6 3. d4 cxd4 4. Nxd4 Nf6 5. Nc3 Nc6 6. Nxc6 bxc6 7. e5 Nd5 8. Ne4 Qc7 9. f4 Qb6 10. Bd3 Be7 11. a3 a5 12. Qe2 f5 13. Nf2 Bc5 14. O-O O-O 15. c4 Ne3 16. b4 axb4 17. axb4 Rxa1 18. bxc5 Rxc1 19. Rxc1 Qxc5 20. Re1 Ng4 21. h3 Nh6 22. Qd2 Nf7 23. Bf1 Rd8 24. Qe3 Qxe3 25. Rxe3 d6 26. exd6 Rxd6 27. c5 Rd4 28. Rb3 Kf8 29. Rb8 Rd8 30. Rb6 Bd7 31. Bc4 Ke7 32. Nd3 Ra8 33. Kf2 h6 34. g3 Nd8 35. Ke3 Be8 36. Ne5 Ra3+ 37. Bb3 Ra5 38. Kd4 Rb5 39. Bd1 Ra5 40. Rb8 Ra7 41. Kc3 Ra5 42. Kc4 g5 43. Rc8 Ra7 44. Kd4 gxf4 45. gxf4 Bd7 46. Ng6+ Kf6 47. Rxd8 Kxg6 48. Ke5 Kf7 49. Kd6 1-0


[Site "http://www.Chess.com"]

[Event "FIDE World Rapid Chess Championship 2021"]
[White "Christiansen, Johan-Sebastian"]
[Black "Corrales Jimenez, Fidel"]
[WhiteFideId "1512668"]
[BlackFideId "3506690"]
[WhiteElo "2522"]
[BlackElo "2561"]
[Result "0-1"]
[Round "12"]
[TimeControl "900+10"]
[Date "2021.12.28"]
[WhiteClock "0:00:35"]
[BlackClock "0:01:17"]

1. e4 c5 2. Nf3 d6 3. d4 cxd4 4. Nxd4 Nf6 5. Nc3 a6 6. h3 e5 7. Nb3 Be7 8. g4 h6 9. Bg2 Be6 10. f4 Nbd7 11. f5 Bc4 12. Be3 Rc8 13. Qd2 b5 14. Kf2 Qc7 15. Rhe1 b4 16. Ne2 a5 17. Ng3 Ba6 18. Rac1 a4 19. Na1 Qb7 20. Bf3 Nc5 21. Kg1 Ncxe4 22. Nxe4 Nxe4 23. Qg2 d5 24. Bxe4 dxe4 25. Bf2 Qc7 26. Qxe4 f6 27. Kh2 Bb7 28. Qe3 Ba8 29. Qb6 Qc4 30. b3 Qf4+ 31. Bg3 Qf3 32. Qf2 Qc6 33. bxa4 h5 34. gxh5 Rxh5 35. Re2 Kf7 36. Nb3 Rch8 37. h4 Qc4 38. Kh3 Rg5 39. Rg1 Qg4+ 40. Kh2 Rgh5 41. Rg2 Rxf5 42. Qe1 g5 43. Kg1 gxh4 44. Bh2 Bxg2 45. Rxg2 Bc5+ 46. Nxc5 Qd4+ 47. Kh1 Qxc5 48. Qe4 Ke6 49. Bg1 Qd5 50. Qxb4 Rg5 51. Qb6+ Kf7 52. Qb7+ Qxb7 0-1


[Site "http://www.Chess.com"]

[Event "FIDE World Rapid Chess Championship 2021"]
[White "Yuffa, Daniil"]
[Black "Parligras, Mircea-Emilian"]
[WhiteFideId "24131423"]
[BlackFideId "1204297"]
[WhiteElo "2514"]
[BlackElo "2550"]
[Result "1/2-1/2"]
[Round "12"]
[TimeControl "900+10"]
[Date "2021.12.28"]
[WhiteClock "0:03:01"]
[BlackClock "0:02:43"]

1. d4 Nf6 2. c4 e6 3. g3 d5 4. Bg2 Bb4+ 5. Bd2 Be7 6. Nf3 O-O 7. O-O c6 8. Bc3 Ne4 9. Nbd2 Nxc3 10. bxc3 Nd7 11. Qb3 b6 12. a4 Rb8 13. cxd5 cxd5 14. c4 Bb7 15. Rfc1 dxc4 16. Nxc4 Rc8 17. Qd3 Nf6 18. Nfe5 Bxg2 19. Kxg2 Qd5+ 20. Kg1 Rfd8 21. Ne3 Qb7 22. Rab1 Rxc1+ 23. Rxc1 Rc8 24. Rxc8+ Qxc8 25. Qb5 Bd6 26. Nc6 Qc7 27. Nc4 Bf8 28. N4e5 Nd7 29. Nxd7 Qxd7 30. e4 h5 31. h4 g6 32. Kg2 Qc7 33. d5 exd5 34. Qxd5 a6 35. e5 Qc8 36. Nd4 Bc5 37. Nf3 Be7 38. Nd4 Bc5 39. Nf3 Be7 40. Nd4 Bc5 1/2-1/2


[Site "http://www.Chess.com"]

[Event "FIDE World Rapid Chess Championship 2021"]
[White "Vokhidov, Shamsiddin"]
[Black "Murzin, Volodar"]
[WhiteFideId "14204223"]
[BlackFideId "44155573"]
[WhiteElo "2546"]
[BlackElo "2523"]
[Result "1-0"]
[Round "12"]
[TimeControl "900+10"]
[Date "2021.12.28"]
[WhiteClock "0:03:04"]
[BlackClock "0:00:11"]

1. e4 c6 2. d4 d5 3. e5 Bf5 4. h4 h5 5. c4 e6 6. Nc3 Ne7 7. Nge2 dxc4 8. Ng3 b5 9. Bg5 Qb6 10. Be2 Bg6 11. a4 Nd5 12. axb5 Bb4 13. Bd2 Qxd4 14. O-O Bxc3 15. bxc3 Qxe5 16. Bxc4 O-O 17. Re1 Qc7 18. Nxh5 Nd7 19. Ng3 N7b6 20. Bf1 cxb5 21. h5 Bf5 22. h6 g6 23. Qf3 Nc4 24. Bg5 Ne5 25. Qe2 Nc4 26. Nxf5 gxf5 27. Rad1 Kh7 28. Rxd5 exd5 29. Qf3 Nd6 30. Bd3 Qc6 31. Be7 Rfe8 32. Qg3 Rg8 33. Qxd6 Qxd6 34. Bxd6 Kxh6 35. Bxf5 Rge8 36. Be7 Kg7 37. Bd7 Rh8 38. Bxb5 Rac8 39. Bd6 a6 40. Ba4 f6 41. Re7+ Kh6 42. Bf4+ Kh5 43. Rg7 1-0


[Site "http://www.Chess.com"]

[Event "FIDE World Rapid Chess Championship 2021"]
[White "Holm, Kristian Stuvik"]
[Black "Bartel, Mateusz"]
[WhiteFideId "1508083"]
[BlackFideId "1112635"]
[WhiteElo "2409"]
[BlackElo "2543"]
[Result "1/2-1/2"]
[Round "12"]
[TimeControl "900+10"]
[Date "2021.12.28"]
[WhiteClock "0:00:00"]
[BlackClock "0:05:12"]

1. d4 e6 2. c4 b6 3. a3 Bb7 4. Nc3 f5 5. d5 Nf6 6. g3 Na6 7. Bg2 Nc5 8. Nf3 a5 9. O-O Bd6 10. Nb5 O-O 11. Nxd6 cxd6 12. a4 Qe7 13. Nd4 Rae8 14. Bg5 h6 15. Bxf6 Qxf6 16. Nb5 e5 17. b3 Ba6 18. Nc3 e4 19. Rc1 f4 20. Qc2 f3 21. exf3 exf3 22. Bh3 Qe5 23. Rfd1 Qh5 24. Bf1 Re5 25. Re1 Qg4 26. h3 Qh5 27. Ne4 Rfe8 28. Nxc5 Rxe1 29. Rxe1 Rxe1 30. Nd3 Ra1 31. Qb2 Rd1 1/2-1/2


[Site "http://www.Chess.com"]